 Dungeon Crawl Stone Soup version 0.31-a0-496-g6f97920a28 (webtiles) character file.

Game seed: 3618215954141614971

58139 Maratek the Severer (level 14, -1/129 HPs)
             Began as a Minotaur Fighter on Aug 8, 2023.
             Was the Champion of Okawaru.
             Slain by a merfolk
             ... wielding a +0 trident
              (5 damage)
             ... on level 1 of the Shoals.
             The game lasted 00:54:33 (15696 turns).

Maratek the Severer (Minotaur Fighter)             Turns: 15696, Time: 00:54:33

Health: -1/129     AC: 21    Str: 31    XL:     14   Next: 48%
Magic:  14/14      EV: 10    Int:  5    God:    Okawaru [******]
Gold:   1952       SH: 17    Dex: 12    Spells: 13/13 levels left

rFire   + . .        a - +3 war axe of Bloodstone {heavy, Str+4}
rCold   . . .        L - +4 kite shield {reflect}
rNeg    . . .        P - +0 chain mail of the Lusting Gods {rElec rPois}
rPois   +            c - +2 hat
rElec   +            F - +1 cloak
rCorr   .            K - +2 pair of gloves {Dex+3}
SInv    .            (no boots)
Will    +....        b - amulet of regeneration Stlth
                     e - ring of protection from fire
HPRegen 1.21/turn    s - ring of poison resistance
MPRegen 0.14/turn

%: reflection
@: lethally poisoned (-1 -> -1), invisible
A: horns 2, retaliatory headbutt, deterioration 1
a: Renounce Religion, Heroism, Finesse, Duel


You were on level 1 of the Shoals.
You worshipped Okawaru.
Okawaru was exalted by your worship.
You visited 6 branches of the dungeon, and saw 21 of its levels.
You also visited: Ossuary.

You collected 2056 gold pieces.
You spent 104 gold pieces at shops.

Inventory:

Hand Weapons
 a - the +3 war axe of Bloodstone (weapon) {heavy, Str+4}
   (You acquired it on level 9 of the Dungeon)

   Str:       It affects your strength (+4).
 H - a +3 scimitar of flaming
Armour
 c - a +2 hat (worn)
 q - a scarf of shadows
 C - a scarf of invisibility
 F - a +1 cloak (worn)
 K - a +2 pair of gloves of dexterity (worn)
 L - a +4 kite shield of reflection (worn)
 P - the +0 chain mail of the Lusting Gods (worn) {rElec rPois}
   (Okawaru gifted it to you on level 5 of the Lair of Beasts)

   rElec:     It insulates you from electricity.
   rPois:     It protects you from poison.
Jewellery
 b - an amulet of regeneration (around neck)
 e - a ring of protection from fire (left hand)
 k - an amulet of magic regeneration
 r - a ring of ice
 s - a ring of poison resistance (right hand)
 G - a ring of magical power
 Q - an amulet of reflection
 R - a ring of wizardry
Wands
 d - a wand of iceblast (5)
 o - a wand of digging (13)
 D - a wand of mindburst (19)
 E - a wand of flame (34)
 I - a wand of paralysis (8)
Scrolls
 m - a scroll of identify
 n - 3 scrolls of vulnerability
 t - 6 scrolls of immolation
 x - 2 scrolls of teleportation
 y - 2 scrolls of amnesia
 z - a scroll of blinking
 A - 3 scrolls of fog
 J - 2 scrolls of enchant weapon
 M - a scroll of brand weapon
 O - 2 scrolls of fear
 S - a scroll of revelation
Potions
 f - 3 potions of mutation
 g - 4 potions of resistance
 h - 7 potions of curing
 i - 2 potions of enlightenment
 j - 6 potions of lignification
 l - 5 potions of haste
 p - a potion of berserk rage {unknown}
 u - 2 potions of degeneration
 v - 2 potions of brilliance
 w - a potion of cancellation {unknown}
 B - 2 potions of invisibility


   Skills:
 + Level 13.5 Fighting
 + Level 3.2 Long Blades
 + Level 18.0 Axes
 + Level 14.8 Armour
 + Level 3.8 Dodging
 + Level 2.3 Stealth
 + Level 14.6 Shields
 + Level 1.6 Invocations


You had 13 spell levels left.
You didn't know any spells.
Your spell library contained the following spells:

 Spells                   Type           Power      Damage    Failure   Level
 Apportation              Tloc           0%         N/A       89%         1
 Kiss of Death            Conj/Necr      0%         2d5       89%         1
 Magic Dart               Conj           0%         1d3       89%         1
 Necrotise                Necr           0%         1d4       89%         1
 Poisonous Vapours        Pois/Air       0%         N/A       96%         2
 Sublimation of Blood     Necr           0%         N/A       96%         2
 Wereblood                Tmut           0%         N/A       96%         2
 Confusing Touch          Hex            0%         N/A       99%         3
 Mephitic Cloud           Conj/Pois/Air  0%         N/A       99%         3
 Dispel Undead            Necr           0%         3d6       100%        4
 Alistair's Intoxication  Tmut/Pois      0%         N/A       100%        5
 Borgnjor's Vile Clutch   Necr/Erth      0%         N/A       100%        5
 Freezing Cloud           Conj/Ice/Air   0%         6-21      100%        5
 Lee's Rapid Deconstruct  Erth           0%         3d4*      100%        5
 Eringya's Noxious Bog    Tmut/Pois      0%         4d6       100%        6
 Summon Small Mammal      Summ           Unusable   N/A       N/A         1
 Call Imp                 Summ           Unusable   N/A       N/A         2
 Animate Armour           Summ/Erth      Unusable   N/A       N/A         4
 Summon Lightning Spire   Summ/Air       Unusable   N/A       N/A         4
 Summon Hydra             Summ           Unusable   N/A       N/A         7

Dungeon Overview and Level Annotations

Branches:
Dungeon (11/15)            Temple (0/1) D:6            Lair (5/5) D:11
 Shoals (1/4) Lair:2        Snake (1/4) Lair:3        Slime (1/5) Lair:4
    Orc (2/2) D:10        Ossuary (visited)
    Elf: Orc:2

Altars:
Ashenzari
Cheibriados
Dithmenos
Elyvilon
Fedhas
Nemelex Xobeh
Okawaru
Qazlal
Vehumet
Wu Jian
Yredelemnul

Shops:
D:1 [   D:2 (   D:6 =[?[   D:7 (   Orc:1 (

Annotations:
D:10 2 transporters, floatRand's ghost, novice DrSh
Lair:2 exclusion: oklob plant
Lair:3 exclusion: ice statue
Lair:4 exclusion: oklob plant


Innate Abilities, Weirdness & Mutations

You have a pair of horns on your head.
You reflexively headbutt those who attack you in melee.
Your body sometimes deteriorates upon taking damage.


Message History

The manticore claws you.
* * * LOW HITPOINT WARNING * * *
You feel much better.
You feel sick. The merfolk hits you with a +0 trident.
You block the manticore's attack. The manticore misses you.
The manticore claws you but does no damage.
The wind drake flaps its wings at you. The air twists around and strikes you!
* * * LOW HITPOINT WARNING * * *
You fade into invisibility!
You feel sick.
The merfolk hits you but does no damage.
The manticore bites you but does no damage.
The manticore misses you. You block the manticore's attack.
The wind drake flaps its wings at you. The air twists around and strikes you!
* * * LOW HITPOINT WARNING * * *
The manticore attacks as you move away! You block the manticore's attack.
The manticore barely misses you.
The manticore claws you but does no damage.
You feel very sick.
The merfolk hits you with a +0 trident!!
* * * LOW HITPOINT WARNING * * *
The merfolk hits you but does no damage.
You block the wind drake's attack. The manticore bites you.
* * * LOW HITPOINT WARNING * * *
The manticore claws you but does no damage.
You block the manticore's attack.
Blink to where?
Press: ? - help, Q - select action, (/) - cycle Dir - move target
As you read the scroll of blinking, it crumbles to dust.
You feel sick.
Blink to where?
Press: ? - help, Q - select action, (/) - cycle Dir - move target
As you read the scroll of blinking, it crumbles to dust.
You feel sick.
The wind drake exhales a fierce blast of wind!
The merfolk is knocked back by the gust of wind.
You feel sick. You block the wind drake's attack.
The merfolk hits you with a +0 trident.
You die...

#....~~~≈≈≈ #...
....(~~~≈≈≈ .. ...#
...~~~~≈≈≈ ... #..#
#!.~~~~≈≈≈
~..###..###...~~≈≈≈≈
~~~......##..~~~≈≈≈≈
~~~..........§~~≈≈≈≈
~~~/....m##†.~~~≈≈≈≈
~~~~~.~~~@.†~~~≈≈≈≈≈
~≈≈≈~~~Hk~~~~~~≈≈≈≈≈
~~≈≈~~~~~~~~~~~~≈≈≈≈
~~≈≈≈~~~~~~~~~~~≈≈≈≈
~~≈≈≈~~~~~.~~~~~≈≈≈≈
~~≈≈≈≈≈≈~~~~~~≈≈≈≈≈≈
~~≈≈≈≈≈≈≈≈≈≈≈≈≈≈≈≈≈
~≈≈≈≈≈≈≈≈≈≈≈≈≈≈≈≈≈≈
~≈≈≈≈≈≈≈≈≈≈≈≈≈≈≈≈


You could see a wind drake (repels missiles, unable to see you, catching
breath), a merfolk (unable to see you) and a manticore (unable to see you).

Vanquished Creatures
  5 hydras
  Erica (Lair:2)
  3 catoblepae (Lair:5)
  3 boulder beetles
  A tengu warrior (D:9)
  16 death yaks
  4 two-headed ogres
  An orc high priest (Orc:1)
  3 skysharks
  2 sea snakes (Shoals:1)
  3 manticores
  2 cyclopes
  An orc sorcerer (Orc:1)
  Maurice (D:8)
  6 black mambas
  3 elephants (Lair:4)
  Maggie (D:6)
  9 cane toads
  3 rime drakes
  Psyche (D:9)
  A freezing wraith (D:9)
  3 komodo dragons
  2 trolls (D:9)
  5 polar bears
  A raiju (D:7)
  A hornet (D:7)
  20 blink frogs
  Prince Ribbit (D:6)
  10 dream sheep
  A shadow (D:11)
  2 wraiths (D:9)
  Sigmund (D:6)
  37 yaks
  4 wyverns
  A steam dragon (D:8)
  A warg (Orc:1)
  2 nagas (Lair:3)
  3 acid dragons
  16 water moccasins
  Duvessa (D:4)
  6 ice beasts
  19 orc warriors
  2 black bears
  3 sky beasts (D:7)
  2 ogres
  8 wolves
  9 centaurs
  2 phantoms
  9 bullfrogs
  3 elf zombies (Ossuary)
  4 kobold brigands
  A gnoll sergeant (D:9)
  3 scorpions
  17 wights
  Dowan (D:4)
  3 killer bees (D:9)
  5 howler monkeys
  4 human zombies (Ossuary)
  5 centaur zombies (Ossuary)
  13 orc priests
  5 hounds
  2 jellies
  Crazy Yiuf (D:2)
  3 gnoll boudas
  2 iguanas (D:5)
  2 sleepcaps
  Natasha (thrice) (D:2)
  15 orc wizards
  4 hell rats (Lair:2)
  3 mummies (Ossuary)
  Robin (D:3)
  4 gnolls (D:7)
  11 adders
  A shadow imp (D:6)
  5 white imps
  4 worms
  3 dart slugs
  49 orcs
  5 endoplasms
  7 giant cockroaches
  14 hobgoblins
  4 jackals (D:1)
  21 kobolds
  4 quokkas
  10 ball pythons
  6 bats
  3 frilled lizards (D:1)
  13 goblins
  7 rats
513 creatures vanquished.

Notes
Turn   | Place    | Note
-------+----------+-------------------------------------------
     0 | D:1      | Maratek the Minotaur Fighter began the quest for the Orb.
     0 | D:1      | Reached XP level 1. HP: 19/19 MP: 0/0
   148 | D:1      | Reached XP level 2. HP: 27/27 MP: 1/1
   312 | D:1      | Found Zelun's Antique Armour Emporium.
   432 | D:1      | Reached XP level 3. HP: 33/33 MP: 2/2
   444 | D:1      | Reached skill level 3 in Axes
   874 | D:2      | Noticed Natasha
   880 | D:2      | Killed Natasha
   881 | D:2      | Reached XP level 4. HP: 34/40 MP: 3/3
  1016 | D:2      | Found a faded altar of an unknown god.
  1018 | D:2      | Found an iron altar of Okawaru.
  1026 | D:2      | Reached skill level 4 in Axes
  1055 | D:2      | Found Niepigh's Weapon Boutique.
  1296 | D:2      | Found a runed translucent door.
  1297 | D:2      | Noticed Crazy Yiuf
  1361 | D:2      | Noticed Natasha
  1370 | D:2      | Killed Natasha
  1408 | D:2      | Noticed Natasha
  1413 | D:2      | Killed Natasha
  1414 | D:2      | Reached XP level 5. HP: 46/46 MP: 4/4
  1569 | D:2      | Killed Crazy Yiuf
  1570 | D:2      | Reached skill level 5 in Armour
  1712 | D:3      | Identified the +0 leather armour of Polytheism {Drain rCorr
                  | MP-9 Int+6}
  1783 | D:3      | Reached skill level 1 in Dodging
  1812 | D:3      | Reached skill level 5 in Axes
  1837 | D:3      | Noticed Robin
  1840 | D:3      | Killed Robin
  2163 | D:3      | Reached XP level 6. HP: 49/53 MP: 5/5
  2582 | D:4      | Noticed a sky beast
  2719 | D:4      | Reached skill level 6 in Axes
  2791 | D:4      | Found a sand-covered staircase.
  2812 | Ossuary  | Entered an ossuary
  2839 | Ossuary  | Reached XP level 7. HP: 60/60 MP: 6/6
  2853 | Ossuary  | Reached skill level 7 in Axes
  2899 | Ossuary  | Reached skill level 5 in Fighting
  2983 | Ossuary  | Reached skill level 8 in Axes
  2995 | Ossuary  | Reached XP level 8. HP: 67/69 MP: 7/7
  3051 | D:4      | Noticed Dowan
  3053 | D:4      | Noticed Duvessa
  3061 | D:4      | Killed Dowan
  3077 | D:4      | Killed Duvessa
  3472 | D:5      | Entered Level 5 of the Dungeon
  3516 | D:5      | Found an iron altar of Okawaru.
  3543 | D:5      | Became a worshipper of Warmaster Okawaru
  3588 | D:5      | Reached skill level 9 in Axes
  3858 | D:5      | Reached skill level 5 in Shields
  4035 | D:6      | Found Oroust's Antique Armour Emporium.
  4046 | D:6      | Found Diefrefi's Magic Scroll Shoppe.
  4050 | D:6      | Found Urhicvic's Antique Armour Emporium.
  4084 | D:6      | Found Tianleq's Jewellery Boutique.
  4093 | D:6      | Noticed Prince Ribbit
  4097 | D:6      | Noticed a cyclops
  4102 | D:6      | Reached skill level 10 in Axes
  4140 | D:6      | Killed a cyclops
  4140 | D:6      | Reached * piety under Okawaru
  4141 | D:6      | Reached XP level 9. HP: 40/78 MP: 8/8
  4228 | D:6      | Reached skill level 11 in Axes
  4257 | D:6      | Killed Prince Ribbit
  4316 | D:6      | Bought a scroll of identify for 26 gold pieces
  4316 | D:6      | Bought a scroll of identify for 26 gold pieces
  4316 | D:6      | Bought a scroll of identify for 26 gold pieces
  4316 | D:6      | Bought a scroll of identify for 26 gold pieces
  4490 | D:7      | Reached ** piety under Okawaru
  4583 | D:7      | Found Viduups's Antique Weapon Shop.
  4740 | D:7      | Reached skill level 12 in Axes
  4765 | D:7      | Found a blossoming altar of Fedhas.
  4765 | D:7      | Found a snail-covered altar of Cheibriados.
  4765 | D:7      | Found a sparkling altar of Nemelex Xobeh.
  4766 | D:7      | Found a basalt altar of Yredelemnul.
  4769 | D:7      | Found a radiant altar of Vehumet.
  4770 | D:7      | Found a stormy altar of Qazlal.
  4770 | D:7      | Found a shadowy altar of Dithmenos.
  4885 | D:7      | Found a broken altar of Ashenzari.
  5151 | D:7      | Reached XP level 10. HP: 57/88 MP: 9/9
  5287 | D:7      | Reached *** piety under Okawaru
  5353 | D:7      | Paralysed by a hornet for 1 turns
  5499 | D:6      | Found a staircase to the Ecumenical Temple.
  5752 | D:6      | Noticed Maggie
  5761 | D:6      | Killed Maggie
  5853 | D:6      | Noticed Sigmund
  5865 | D:6      | Killed Sigmund
  6125 | D:8      | Found a transporter.
  6126 | D:8      | Found a transporter.
  6134 | D:8      | Found a transporter.
  6134 | D:8      | Found a transporter.
  6154 | D:8      | Noticed Maurice
  6174 | D:8      | Killed Maurice
  6174 | D:8      | Reached **** piety under Okawaru
  6175 | D:8      | Reached skill level 13 in Axes
  6215 | D:8      | Found a transporter.
  6220 | D:8      | Found a transporter.
  6406 | D:8      | Reached skill level 10 in Armour
  6449 | D:8      | Found an ornate altar of the Wu Jian Council.
  6792 | D:9      | Found a white marble altar of Elyvilon.
  6925 | D:9      | Noticed Psyche
  6932 | D:9      | Killed Psyche
  7100 | D:9      | Reached ***** piety under Okawaru
  7112 | D:9      | Reached XP level 11. HP: 91/96 MP: 10/10
  7281 | D:9      | Reached skill level 14 in Axes
  7428 | D:9      | Received a gift from Okawaru
  7431 | D:9      | Noticed a tengu warrior
  7450 | D:9      | Killed a tengu warrior
  7452 | D:9      | Reached skill level 10 in Fighting
  7487 | D:9      | Identified a scroll of acquirement
  7488 | D:9      | Acquired 778 gold pieces
  7703 | D:9      | Noticed a two-headed ogre
  7703 | D:9      | Noticed a two-headed ogre
  7704 | D:9      | Noticed a two-headed ogre
  7705 | D:9      | Noticed a boulder beetle
  7719 | D:9      | Killed a two-headed ogre
  7720 | D:9      | Reached skill level 15 in Axes
  7726 | D:9      | Killed a two-headed ogre
  7728 | D:9      | Killed a two-headed ogre
  7863 | D:9      | Killed a boulder beetle
  7887 | D:9      | Acquired the +3 war axe of Bloodstone {heavy, Str+4}
  8302 | D:10     | Entered Level 10 of the Dungeon
  8377 | D:10     | Reached skill level 1 in Invocations
  8388 | D:10     | Reached skill level 1 in Stealth
  8503 | D:10     | Found a transporter.
  8503 | D:10     | Noticed an ice dragon
  8509 | D:10     | Noticed floatRand's ghost (novice DrSh)
  8551 | D:10     | Found a transporter.
  8582 | D:10     | Reached XP level 12. HP: 93/107 MP: 12/12
  8792 | D:10     | Found a staircase to the Orcish Mines.
  8876 | Orc:1    | Entered Level 1 of the Orcish Mines
  9155 | Orc:1    | Reached skill level 16 in Axes
  9246 | Orc:1    | Found Lashresu's Antique Weapon Boutique.
  9298 | Orc:2    | Entered Level 2 of the Orcish Mines
  9300 | Orc:2    | Noticed an orc high priest
  9308 | Orc:2    | Noticed an orc high priest
  9316 | Orc:1    | Gained mutation: Your body sometimes deteriorates upon
                  | taking damage. [a neqoxec]
  9318 | Orc:1    | Killed an orc high priest
  9357 | Orc:2    | Noticed an orc high priest
  9745 | D:11     | Noticed a two-headed ogre
  9751 | D:11     | Killed a two-headed ogre
  9900 | D:11     | Noticed a boulder beetle
  9912 | D:11     | Killed a boulder beetle
  9917 | D:11     | Reached ****** piety under Okawaru
  9935 | D:11     | Found a staircase to the Lair.
  9950 | Lair:1   | Entered Level 1 of the Lair of Beasts
 10212 | Lair:1   | Identified the +10 falchion of Jikhlyv {pain, Fragile rC+
                  | rN+ Int+2} (Okawaru gifted it to you on level 1 of the Lair
                  | of Beasts)
 10212 | Lair:1   | Received a gift from Okawaru
 10213 | Lair:1   | Reached skill level 10 in Shields
 10875 | Lair:2   | Noticed Erica
 10885 | Lair:2   | Killed Erica
 10967 | Lair:2   | Found a staircase to the Shoals.
 11001 | Lair:2   | Noticed a boulder beetle
 11017 | Lair:2   | Killed a boulder beetle
 11144 | Lair:2   | Noticed a death yak
 11144 | Lair:2   | Noticed a death yak
 11145 | Lair:2   | Noticed a death yak
 11145 | Lair:2   | Noticed a death yak
 11153 | Lair:2   | Killed a death yak
 11159 | Lair:2   | Killed a death yak
 11160 | Lair:2   | Killed a death yak
 11161 | Lair:2   | Killed a death yak
 11710 | Lair:3   | Noticed a four-headed hydra
 11731 | Lair:2   | Killed a one-headed hydra
 11731 | Lair:2   | Identified the +8 quarterstaff "Otosuwk" {flame, *Slow
                  | rElec rC+ rN+} (Okawaru gifted it to you on level 2 of the
                  | Lair of Beasts)
 11731 | Lair:2   | Received a gift from Okawaru
 11761 | Lair:3   | Reached XP level 13. HP: 100/116 MP: 13/13
 12247 | Lair:3   | Reached skill level 1 in Long Blades
 12361 | Lair:3   | Found a staircase to the Snake Pit.
 12454 | Snake:1  | Entered Level 1 of the Snake Pit
 12462 | Snake:1  | Received a gift from Okawaru
 12470 | Lair:3   | Reached skill level 17 in Axes
 13246 | Lair:4   | Found a staircase to the Slime Pits.
 13580 | Lair:5   | Entered Level 5 of the Lair of Beasts
 13583 | Lair:5   | Found a gate leading to a gauntlet.
 13591 | Lair:5   | Identified the +0 chain mail of the Lusting Gods {rElec
                  | rPois} (Okawaru gifted it to you on level 5 of the Lair of
                  | Beasts)
 13591 | Lair:5   | Received a gift from Okawaru
 13895 | Lair:5   | Reached XP level 14. HP: 54/127 MP: 14/14
 14693 | Lair:5   | Received a gift from Okawaru
 15410 | Slime:1  | Entered Level 1 of the Pits of Slime
 15410 | Slime:1  | Noticed a rockslime
 15410 | Slime:1  | Noticed a rockslime
 15679 | Shoals:1 | Entered Level 1 of the Shoals
 15688 | Shoals:1 | Reached skill level 18 in Axes
 15693 | Shoals:1 | HP: 3/129 [manticore (4)]
 15696 | Shoals:1 | Slain by a merfolk

Illustrated notes

Levels and vault maps discovered:
D:1:      saegor_arrival_simple_c, layout_basic, serial_forest,
          infiniplex_forest_lined_1, infiniplex_forest_clump_curved,
          infiniplex_forest_clump_small, infiniplex_forest_end_2,
          infiniplex_forest_clump_curved, infiniplex_forest_end_3,
          infiniplex_forest_end_2, serial_shops,
          nicolae_shop_competitors_out_of_business, minmay_split_cup_large
D:2:      layout_loops_ring, ebering_ecumenical_altar_abandoned, basic_altar,
          serial_shops, shop, minmay_goblin_kobold_house, uniq_natasha,
          uniq_crazy_yiuf_cottage
D:3:      layout_loops_ring, minivault_5, uniq_robin
D:4:      layout_loops_ring, enter_ossuary_1, minmay_quadrilaterals,
          uniq_duvessa
D:5:      layout_cave_pools, mainiacjoe_overflow_chevrons
D:6:      layout_cave_pools, temple_pool_b, portal_sewer_entry_c, serial_shops,
          shop, nicolae_diamond_shop, nicolae_shop_hallway_stairs,
          nicolae_shop_getting_attention, uniq_sigmund, uniq_prince_ribbit1,
          uniq_maggie
D:7:      layout_basic, grunt_temple_overflow_open,
          mainiacjoe_overflow_tiny_flanked, serial_shops,
          nicolae_shop_rolling_square, nicolae_have_a_lightning_rod
D:8:      layout_rooms, old_standard_altar, chequers_decorated_corner,
          st_stairs_3, serial_nicolae_subway, nicolae_sub_station_stone,
          nicolae_sub_station_metal, nicolae_sub_station_crystal, uniq_maurice
D:9:      minmay_quarter_circles, layout_loops_corners,
          overflow_temple_1_default, uniq_psyche
D:10:     layout_layer_cave, david_orc_5, gammafunk_ghost_berserking_beasts,
          nicolae_titane
D:11:     layout_roguey [special_room_bee], hellmonk_lair_entry_icy,
          special_room [special_room_orc], nemelex_xobeh_ov_fountains_minmay,
          uniq_amaemon
Lair:1:   layout_loops_ring
Lair:2:   layout_loops_ring, shoals_dummy_entry, serial_rivers,
          chequers_serial_rivers_room_a, chequers_serial_rivers_micro_a,
          chequers_serial_rivers_small_3, chequers_serial_rivers_micro_d,
          chequers_serial_rivers_small_b, chequers_serial_rivers_micro_a,
          minmay_lair_oklob_items, uniq_erica
Lair:3:   layout_small_grid, dummy_snake_entry, ice2_lemuel,
          infiniplex_staircase_pool
Lair:4:   layout_big_grid, slime_entry_1
Lair:5:   evilmike_catoblepas_cave, layout_regular_city, gauntlet_entry_generic,
          serial_bayou_pond_a, dreamdust_gnoll_shepherd
Shoals:1: layout_shoals, lemuel_oklob_altar, uniq_roxanne
Snake:1:  layout_gridlike, uniq_louise, uniq_aizul
Slime:1:  layout_caves
Orc:1:    layout_diamond_mine, serial_shops, shop, nicolae_orc_rockfall,
          led_sif_book
Orc:2:    grunt_orc_gardens, layout_caves, grunt_orc_garden, grunt_orc_garden,
          grunt_orc_garden, grunt_orc_garden

Skill      XL: |  1  2  3  4  5  6  7  8  9 10 11 12 13 14 |
---------------+-------------------------------------------+-----
Armour         | 4 5 6 7 9 10 11 13 14 | 14.8
Fighting       | 4 5 6 7 9 10 11 12 13 | 13.5
Shields        | 4 5 6 7 8 11 13 14 | 14.6
Axes           | 3 4 5 6 8 10 12 13 15 16 17 18 | 18.0
Dodging        | 1 2 3 |  3.8
Invocations    | 1 |  1.6
Stealth        | 1 2 |  2.3
Long Blades    | 2 3 |  3.2

Action                     |  1- 3 |  4- 6 |  7- 9 | 10-12 | 13-15 || total
---------------------------+-------+-------+-------+-------+-------++-------
  Melee: War axe           |    70 |   125 |   277 |   484 |   243 ||  1199
         Headbutt          |    10 |    17 |    54 |   112 |    55 ||   248
         Scimitar          |       |       |       |    11 |    26 ||    37
 Invoke: Heroism           |       |       |       |     3 |     1 ||     4
    Use: Scroll            |       |       |    12 |    18 |     4 ||    34
         Potion            |       |       |     5 |     2 |     6 ||    13
   Stab: Invisible         |       |       |       |       |     2 ||     2
 Armour: Scale mail        |    33 |    26 |       |       |       ||    59
         Plate armour      |       |    61 |   157 |   299 |    90 ||   607
         Chain mail        |       |       |       |       |   125 ||   125
  Dodge: Dodged            |    33 |    47 |    77 |   170 |   150 ||   477
  Block: Buckler           |    17 |    26 |    67 |    70 |       ||   180
         Kite shield       |       |       |       |   237 |   355 ||   592
         Reflection        |       |       |       |    15 |     6 ||    21

Table legend: (Time is in decaauts)
 A = Elapsed time spent in this place.
 B = Non-inter-level travel time spent in this place.
 C = Inter-level travel time spent in this place.
 D = Time resting spent in this place.
 E = Time spent auto-exploring this place.
 F = Levels seen in this place.
 G = Mean time per level.
                   A        B        C        D        E       F      G
               +--------+--------+--------+--------+--------+-----+--------+
         Total |  15843 |  15294 |    549 |   1402 |   9506 |  22 |  720.1 |
       Dungeon |   9293 |   8818 |    475 |    612 |   5772 |  11 |  844.8 |
          Lair |   5776 |   5763 |     13 |    790 |   3320 |   5 | 1155.2 |
        Shoals |     18 |     18 |      0 |      0 |      0 |   1 |   18.0 |
     Snake Pit |     11 |     11 |      0 |      0 |      0 |   1 |   11.0 |
    Slime Pits |      1 |      1 |      0 |      0 |      0 |   1 |    1.0 |
  Orcish Mines |    528 |    467 |     61 |      0 |    347 |   2 |  264.0 |
       Ossuary |    213 |    213 |      0 |      0 |     67 |   1 |  213.0 |
               +--------+--------+--------+--------+--------+-----+--------+

Top non-repeatable levels by time:
     D:9: 1692 daAuts
  Lair:5: 1607 daAuts
  Lair:3: 1303 daAuts
     D:7: 1218 daAuts
  Lair:4: 1058 daAuts
  Lair:2: 1038 daAuts
    D:10: 995 daAuts
     D:2: 968 daAuts
     D:3: 840 daAuts
     D:6: 833 daAuts
     D:1: 778 daAuts
  Lair:1: 769 daAuts
     D:4: 745 daAuts
     D:8: 584 daAuts
     D:5: 558 daAuts
